 Dungeon Sprint DCSS version 0.24-a0-528-g98e85ec62a (webtiles) character file.

Game seed: 15945246173882212702

10171 Conn the Eclecticist (level 11, -4/67 HPs)
             Began as an Octopode Wizard on Aug 5, 2019.
             Was a High Priest of Sif Muna.
             Slain by a 12-headed hydra (15 damage)
             ... while paralysed by a floating eye
             ... in the Dungeon (Sprint I: "Red Sonja").
             The game lasted 00:49:19 (4541 turns).

Conn the Eclecticist (Octopode Wizard)              Turns: 4541, Time: 00:49:20

Health: -4/67      AC:  3    Str:  9    XL:     11   Next: 57%
Magic:  36/40      EV:  2    Int: 24    God:    Sif Muna [*****.]
Gold:   146        SH:  0    Dex:  6    Spells: 2/42 levels left

rFire    + . .     SeeInvis .   p - +5 short sword (drain)
rCold    + . .     Gourm    .   (no shield)
rNeg     . . .     Faith    .   k - +2 hat of a treasure trove {Stlth+}
rPois    .         Spirit   .   (no amulet)
rElec    .         Reflect  .   l - ring "Ipaesch" {rF+ Str+3 Dex-2} (curse)
rCorr    .         Harm     .   n - -3 ring of dexterity (curse)
MR       .....     NoTele   +   q - ring of wizardry
Stlth    +++++.....             r - ring of magical power
HPRegen  0.21/turn              (no ring)
MPRegen  0.27/turn              (no ring)
                                (no ring)
                                (no ring)

@: paralysed
A: almost no armour, stealthy swim, amphibious, 8 rings, constrict 8, antennae
1, camouflage 1, cold resistance 1, gelatinous body 1
a: Channel Magic, Forget Spell, Divine Exegesis, Renounce Religion


You were in the Dungeon.
You worshipped Sif Muna.
Sif Muna was extremely pleased with you.
You were not hungry.

You visited 1 branch You collected 1185 gold pieces.
You spent 1039 gold pieces at shops.

Inventory:

Hand Weapons
 b - a +0 scythe
 h - a +0 fustibalus
 j - a +2 dagger of venom
 p - a +5 short sword of draining (weapon)
Missiles
 e - 2 curare-tipped darts (quivered)
Armour
 a - a +1 hat
 k - the +2 hat of a treasure trove (worn) {Stlth+}
   (You bought it in a shop in the Dungeon)

   It makes you more stealthy.
Jewellery
 l - the cursed ring "Ipaesch" (left tentacle) {rF+ Str+3 Dex-2}
   (You bought it in a shop in the Dungeon)

   [ring of dexterity]

   It affects your strength (+3).
   It affects your dexterity (-2).
   It protects you from fire.
   It has a curse placed upon it.
 n - a cursed -3 ring of dexterity (right tentacle)
 q - a ring of wizardry (on tentacle)
 r - a ring of magical power (on tentacle)
Scrolls
 f - a scroll of amnesia
 s - a scroll of fear
Potions
 d - 3 potions of curing
Miscellaneous
 m - a sack of spiders
Comestibles
 c - 4 rations
 g - a chunk of flesh


   Skills:
 + Level 3.4 Fighting
 + Level 2.4 Short Blades
 + Level 3.2 Polearms
 + Level 3.1 Throwing
 + Level 7.0 Dodging
 + Level 7.6 Stealth
 + Level 16.2 Spellcasting
 * Level 12.9 Conjurations
 + Level 3.6 Hexes
 + Level 9.0 Summonings
 + Level 6.9 Translocations
 * Level 3.8 Fire Magic
 + Level 4.2 Air Magic
 + Level 4.9 Poison Magic
 + Level 0.4 Evocations


You had 2 spell levels left.
You knew the following spells:

 Your Spells              Type           Power        Failure   Level  Hunger
a - Magic Dart            Conj           ####         0%          1    None
b - Blink                 Tloc           N/A          1%          2    None
c - Call Imp              Summ           ######..     1%          2    None
d - Conjure Flame         Conj/Fire      ######..     1%          3    None
e - Mephitic Cloud        Conj/Pois/Air  ######..     1%          3    None
f - Slow                  Hex            #####...     1%          2    None
g - Force Lance           Conj/Tloc      ######..     1%          4    None
h - Summon Forest         Summ/Tloc      ######....   1%          5    #......
i - Bolt of Cold          Conj/Ice       ######....   12%         6    ####...
j - Spellforged Servitor  Conj/Summ      ######....   11%         7    ######.
k - Fireball              Conj/Fire      ######....   1%          5    #......

Your spell library contained the following spells:

 Spells                   Type           Power        Failure   Level  Hunger
 Searing Ray              Conj           ######       0%          2    None
 Flame Tongue             Conj/Fire      #####        1%          1    None
 Sting                    Conj/Pois      ####         1%          1    None
 Ensorcelled Hibernation  Hex/Ice        ####..       1%          2    None
 Throw Flame              Conj/Fire      ######       1%          2    None
 Throw Frost              Conj/Ice       ######       1%          2    None
 Confuse                  Hex            #####...     1%          3    None
 Gell's Gravitas          Tloc           ######....   1%          3    None
 Ignite Poison            Fire/Tmut/Pois ####....     1%          3    None
 Inner Flame              Hex/Fire       #####...     1%          3    None
 Lesser Beckoning         Tloc           ######....   1%          3    None
 Portal Projectile        Hex/Tloc       #####.       1%          3    None
 Summon Guardian Golem    Hex/Summ       #####...     1%          3    None
 Sticky Flame             Conj/Fire      ######..     1%          4    None
 Aura of Abjuration       Summ           ######....   1%          5    #......
 Summon Mana Viper        Hex/Summ       #####...     2%          5    #......
 Bolt of Magma            Conj/Fire/Erth #####.....   3%          5    #......
 Shadow Creatures         Summ           N/A          4%          6    ####...
 Metabolic Englaciation   Hex/Ice        ####......   16%         5    #......
 Malign Gateway           Summ/Tloc      ######....   32%         7    ######.
 Chain Lightning          Conj/Air       ######....   89%         8    #######
 Lehudib's Crystal Spear  Conj/Erth      ######....   99%         8    #######


Dungeon Overview and Level Annotations

Branches:
Dungeon (1/1)

Altars:
Cheibriados
Dithmenos
Elyvilon
Fedhas
Gozag
Hepliaklqana
Kikubaaqudgha
Makhleb
Nemelex Xobeh
Okawaru
Qazlal
Ru
Sif Muna
Trog
Uskayaw
Vehumet
Wu Jian
Xom
Yredelemnul
Zin
The Shining One
Jiyva
Lugonu

Shops:
D *(}[!:}?*}?[*%!*%%:[=


Innate Abilities, Weirdness & Mutations

You cannot wear most types of armour.
You are very stealthy in the water. (Stealth+)
You are amphibious.
You can wear up to eight rings at the same time.
You can use your tentacles to constrict eight enemies at once.
Your skin changes colour to match your surroundings (Stealth+).
Your rubbery body absorbs attacks. (AC +1, EV +1)
You have a pair of small antennae on your head.
Your flesh is cold resistant. (rC+)


Message History

The 12-headed hydra is engulfed in blazing flames.
The 12-headed hydra bites you! The 12-headed hydra bites you.
The 12-headed hydra misses you. The 12-headed hydra bites you. x3
The 12-headed hydra bites you!
The 12-headed hydra bites you but does no damage.
The 12-headed hydra bites you.
* * * LOW HITPOINT WARNING * * *
The 12-headed hydra barely misses you. The 12-headed hydra bites you.
* * * LOW HITPOINT WARNING * * *
The 12-headed hydra bites you.
* * * LOW HITPOINT WARNING * * *
The floating eye's view fixates on you.
The 12-headed hydra is engulfed in blazing flames.
The floating eye gazes piercingly through you!
You suddenly lose the ability to move!
The 12-headed hydra bites you.
* * * LOW HITPOINT WARNING * * *
The 12-headed hydra bites you but does no damage.
The 12-headed hydra bites you!
You die...

##################
).#§§.§÷§§§...§D@#
#'#§####§§§§§##§G+
)§#.# ##§§§######
..§.# #$###+#
+####^.$#y#
.○○.#..$###
○^°°+..$$$#
#...#^....# #.^^#
#++##


You could see a 12-headed hydra and a floating eye.

Vanquished Creatures
  2 centaur warriors (D)
  Sonja (D)
  A deep troll (D)
  An unseen horror (D)
  A lindwurm (D)
  An oklob plant (D)
  A hornet (D)
  A slime creature (D)
  Sigmund (D)
  2 redbacks (D)
  9 hogs (D)
  2 floating eyes (D)
  5 necrophages (D)
  An ogre (D)
  7 jellies (D)
  Ijyb (D)
  3 ballistomycetes (D)
40 creatures vanquished.

Vanquished Creatures (collateral kills)
  An unseen horror (D)
  8 shining eyes (D)
  A gargoyle (D)
  2 kobold demonologists (D)
  4 demonic crawlers (D)
  A yak (D)
  4 hogs (D)
  4 floating eyes (D)
  2 necrophages (D)
  A jelly (D)
28 creatures vanquished.

Vanquished Creatures (others)
  A gargoyle (D)
  2 ballistomycete spores (D)
3 creatures vanquished.

Grand Total: 71 creatures vanquished

Notes
Turn   | Place    | Note
-------+----------+-------------------------------------------
     0 | D        | Conn the Octopode Wizard began the quest for the Orb.
     0 | D        | Reached XP level 1. HP: 11/11 MP: 4/4
     1 | D        | Noticed Ijyb
    14 | D        | Killed Ijyb
    14 | D        | Reached skill level 5 in Spellcasting
    14 | D        | Reached XP level 2. HP: 17/17 MP: 4/8
    14 | D        | Reached XP level 3. HP: 21/21 MP: 5/10
    61 | D        | Learned a level 2 spell: Blink
    64 | D        | Learned a level 2 spell: Call Imp
    68 | D        | Learned a level 3 spell: Conjure Flame
    72 | D        | Learned a level 3 spell: Mephitic Cloud
    75 | D        | Learned a level 2 spell: Slow
    76 | D        | Noticed an ogre
   108 | D        | Killed an ogre
   108 | D        | Reached skill level 7 in Spellcasting
   108 | D        | Reached XP level 4. HP: 27/27 MP: 0/13
   214 | D        | Noticed Sigmund
   226 | D        | Killed Sigmund
   226 | D        | Reached skill level 5 in Stealth
   226 | D        | Reached skill level 9 in Spellcasting
   226 | D        | Reached skill level 1 in Air Magic
   226 | D        | Reached XP level 5. HP: 23/31 MP: 0/17
   226 | D        | Reached XP level 6. HP: 27/36 MP: 0/18
   337 | D        | Found an ornate altar of the Wu Jian Council.
   337 | D        | Found a deep blue altar of Sif Muna.
   339 | D        | Found a radiant altar of Vehumet.
   343 | D        | Became a worshipper of Sif Muna the Loreminder
   347 | D        | Reached skill level 10 in Spellcasting
   377 | D        | Found Itayge Xeg's Antique Armour Emporium.
   377 | D        | Found an ancient bone altar of Kikubaaqudgha.
   377 | D        | Found a hazy altar of Hepliaklqana.
   377 | D        | Found a stormy altar of Qazlal.
   377 | D        | Found a hide-covered altar of Uskayaw.
   377 | D        | Found a blossoming altar of Fedhas.
   377 | D        | Found a bloodstained altar of Trog.
   377 | D        | Found an iron altar of Okawaru.
   377 | D        | Found a basalt altar of Yredelemnul.
   377 | D        | Found a glowing golden altar of the Shining One.
   377 | D        | Found a snail-covered altar of Cheibriados.
   377 | D        | Found a sacrificial altar of Ru.
   377 | D        | Found a glowing silver altar of Zin.
   377 | D        | Found a shadowy altar of Dithmenos.
   377 | D        | Found a white marble altar of Elyvilon.
   377 | D        | Noticed a yak
   378 | D        | Found an opulent altar of Gozag.
   378 | D        | Found a sparkling altar of Nemelex Xobeh.
   412 | D        | Killed a yak
   412 | D        | Reached skill level 5 in Dodging
   547 | D        | Bought a heavily runed hat for 171 gold pieces
   558 | D        | Identified the +2 hat of a treasure trove {Stlth+} (You
                  | bought it in a shop in the Dungeon)
   562 | D        | Killed a gargoyle
   569 | D        | Found a burning altar of Makhleb.
   569 | D        | Found a viscous altar of Jiyva.
   569 | D        | Found a shimmering altar of Xom.
   569 | D        | Found a corrupted altar of Lugonu.
   569 | D        | Noticed a slime creature
   576 | D        | Killed a slime creature
   576 | D        | Reached * piety under Sif Muna
   576 | D        | Reached skill level 1 in Polearms
   576 | D        | Reached skill level 11 in Spellcasting
   576 | D        | Reached skill level 5 in Conjurations
   576 | D        | Reached skill level 1 in Poison Magic
   576 | D        | Reached XP level 7. HP: 21/41 MP: 8/21
   752 | D        | Noticed a kobold demonologist
   753 | D        | Noticed a kobold demonologist
   755 | D        | Paralysed by a floating eye for 2 turns
   758 | D        | Paralysed by a floating eye for 2 turns
   769 | D        | Killed a kobold demonologist
   769 | D        | Reached skill level 1 in Hexes
   771 | D        | Killed a kobold demonologist
   771 | D        | Reached ** piety under Sif Muna
   771 | D        | Reached skill level 12 in Spellcasting
   771 | D        | Reached XP level 8. HP: 29/47 MP: 8/24
   901 | D        | Noticed Sonja
   913 | D        | Killed Sonja
   913 | D        | Reached skill level 1 in Fighting
   913 | D        | Reached skill level 5 in Summonings
  1055 | D        | Found Ceaseph's Assorted Antiques.
  1063 | D        | Bought a heavily runed lapis lazuli ring for 115 gold
                  | pieces
  1063 | D        | Identified the cursed ring "Ipaesch" {rF+ Str+3 Dex-2} (You
                  | bought it in a shop in the Dungeon)
  1076 | D        | Noticed a deep troll
  1129 | D        | Killed a deep troll
  1129 | D        | Reached skill level 1 in Throwing
  1129 | D        | Reached skill level 13 in Spellcasting
  1129 | D        | Reached skill level 1 in Fire Magic
  1129 | D        | Reached XP level 9. HP: 44/54 MP: 9/26
  1214 | D        | Found Buraec's Armour Emporium.
  1241 | D        | Noticed a centaur warrior
  1241 | D        | Noticed a centaur warrior
  1250 | D        | HP: 1/54 [centaur warrior/arrow (18)]
  1253 | D        | Killed a centaur warrior
  1260 | D        | Killed a centaur warrior
  1260 | D        | Reached *** piety under Sif Muna
  1260 | D        | Reached skill level 14 in Spellcasting
  1260 | D        | Reached XP level 10. HP: 11/61 MP: 5/28
  1539 | D        | Reached skill level 10 in Conjurations
  1643 | D        | Noticed an oklob plant
  2234 | D        | Bought a potion of berserk rage for 115 gold pieces
  2430 | D        | Killed an oklob plant
  2430 | D        | Reached skill level 5 in Translocations
  2646 | D        | Reached **** piety under Sif Muna
  2671 | D        | Reached skill level 1 in Short Blades
  2706 | D        | Reached ***** piety under Sif Muna
  2706 | D        | Identified Sif Muna's Incunabulum of the Enthralling
                  | Traveller (Sif Muna gifted it to you in the Dungeon)
  2706 | D        | Received a gift from Sif Muna
  2713 | D        | Learned a level 4 spell: Force Lance
  2719 | D        | Learned a level 5 spell: Summon Forest
  3012 | D        | Killed an unseen horror
  3137 | D        | Identified Sif Muna's Handbook of Calling (Sif Muna gifted
                  | it to you in the Dungeon)
  3137 | D        | Received a gift from Sif Muna
  3146 | D        | Learned a level 6 spell: Shadow Creatures
  3164 | D        | Killed an unseen horror
  3404 | D        | Found Cixilale's Magic Scroll Shoppe.
  3404 | D        | Found Ukiubu's Gadget Shop.
  3404 | D        | Found Vuafeune's General Store.
  3406 | D        | Found Migrapp's Gadget Emporium.
  3406 | D        | Found Xaseres's Magic Scroll Shop.
  3406 | D        | Found Pozudopu's Antique Armour Shoppe.
  3406 | D        | Found Tiwij's General Store.
  3406 | D        | Found Qienarph's Food Emporium.
  3406 | D        | Found Woifuip's Distillery.
  3406 | D        | Found Jinag's Assorted Antiques.
  3411 | D        | Found Ciokeuh's Food Boutique.
  3412 | D        | Found Foofreet's Book Emporium.
  3412 | D        | Found Beschull's Food Boutique.
  3413 | D        | Found Tocouxto's Jewellery Emporium.
  3422 | D        | Bought an uncursed ring of wizardry for 300 gold pieces
  3422 | D        | Bought an uncursed ring of magical power for 200 gold
                  | pieces
  3462 | D        | Bought a ration for 50 gold pieces
  3462 | D        | Bought a ration for 50 gold pieces
  3476 | D        | Bought a scroll of fear for 38 gold pieces
  3524 | D        | Noticed a shining eye
  3524 | D        | Noticed a shining eye
  3524 | D        | Noticed a shining eye
  3534 | D        | Paralysed by a floating eye for 2 turns
  3545 | D        | Killed a shining eye
  3545 | D        | Reached skill level 15 in Spellcasting
  3571 | D        | Killed a shining eye
  3578 | D        | Reached XP level 11. HP: 67/67 MP: 14/30
  3629 | D        | Killed a shining eye
  3629 | D        | Identified Sif Muna's Volume of Confrontation and
                  | Contamination (Sif Muna gifted it to you in the Dungeon)
  3629 | D        | Received a gift from Sif Muna
  3639 | D        | Learned a level 7 spell: Spellforged Servitor
  3659 | D        | Noticed a shining eye
  3663 | D        | Killed a shining eye
  3670 | D        | Noticed a shining eye
  3670 | D        | Noticed a shining eye
  3684 | D        | Killed a shining eye
  3715 | D        | Killed a shining eye
  3738 | D        | Noticed a shining eye
  3738 | D        | Noticed a shining eye
  3790 | D        | Killed a shining eye
  3814 | D        | Killed a shining eye
  3822 | D        | Found Bumiyg's Distillery.
  3822 | D        | Found Wiyps's Antique Weapon Shoppe.
  3822 | D        | Found Aliekeic's Book Boutique.
  3822 | D        | Found Pahaev's Gadget Emporium.
  3891 | D        | Gained mutation: Your flesh is cold resistant. (rC+)
                  | [potion of mutation]
  3891 | D        | Gained mutation: You have a pair of small antennae on your
                  | head. [potion of mutation]
  3899 | D        | Received a gift from Sif Muna
  3929 | D        | Learned a level 5 spell: Fireball
  3992 | D        | Noticed a lindwurm
  4012 | D        | Killed a lindwurm
  4012 | D        | Reached skill level 16 in Spellcasting
  4236 | D        | Identified Sif Muna's Handbook of Venomous Bewitchment (Sif
                  | Muna gifted it to you in the Dungeon)
  4236 | D        | Received a gift from Sif Muna
  4250 | D        | Reached ****** piety under Sif Muna
  4291 | D        | Identified Sif Muna's Collected Works on Glacial Attacks
                  | (Sif Muna gifted it to you in the Dungeon)
  4291 | D        | Received a gift from Sif Muna
  4535 | D        | Learned a level 6 spell: Bolt of Cold
  4537 | D        | Noticed a 12-headed hydra
  4540 | D        | Paralysed by a floating eye for 3 turns
  4541 | D        | Slain by a 12-headed hydra

Levels and vault maps discovered:
D:        dungeon_sprint_1 [red_sonja_temple_1, red_sonja_temple_small_1]

Skill      XL: |  1  2  3  4  5  6  7  8  9 10 11 |
---------------+----------------------------------+-----
Dodging        | 3 4 5 6 7 |  7.0
Stealth        | 3 4 5 6 7 |  7.6
Spellcasting   | 5 7 9 11 12 13 14 15 16 | 16.2
Conjurations   | 2 5 6 8 9 11 12 | 12.9
Air Magic      | 1 2 3 4 |  4.2
Summonings     | 3 4 5 6 7 9 |  9.0
Translocations | 2 3 4 5 6 |  6.9
Polearms       | 1 2 3 |  3.2
Poison Magic   | 1 2 4 |  4.9
Hexes          | 1 2 3 |  3.6
Fighting       | 2 3 |  3.4
Throwing       | 1 2 3 |  3.1
Fire Magic     | 1 2 3 |  3.8
Short Blades   | 2 |  2.4
Evocations     | |  0.4

Action                   |  1- 3 |  4- 6 |  7- 9 | 10-12 || total
-------------------------+-------+-------+-------+-------++-------
Melee: Unarmed           |    11 |       |       |       ||    11
       Constrict         |     1 |       |     2 |    14 ||    17
       Tentacles         |     1 |       |       |    11 ||    12
       Scythe            |       |     1 |     4 |       ||     5
       Dagger            |       |       |     2 |    64 ||    66
       Short sword       |       |       |       |    13 ||    13
Throw: Dart              |       |       |     5 |     6 ||    11
 Cast: Magic Dart        |    11 |    23 |    12 |    52 ||    98
       Call Imp          |     1 |     5 |     9 |    14 ||    29
       Mephitic Cloud    |     1 |     3 |    12 |    11 ||    27
       Blink             |     1 |     2 |     4 |    13 ||    20
       Conjure Flame     |     1 |     1 |     8 |     6 ||    16
       Slow              |       |     2 |     2 |    10 ||    14
       Shadow Creatures  |       |       |       |     6 ||     6
       Force Lance       |       |       |       |    14 ||    14
       Summon Forest     |       |       |       |     3 ||     3
       Spellforged Servi |       |       |       |     6 ||     6
       Fireball          |       |       |       |     1 ||     1
Invok: Forget Spell      |       |       |       |     1 ||     1
Evoke: Wand              |       |       |     2 |     5 ||     7
  Use: Potion            |     2 |       |     4 |     3 ||     9
       Scroll            |       |       |     1 |     4 ||     5
 Stab: Confused          |       |       |     1 |     2 ||     3
       Sleeping          |       |       |       |     4 ||     4
  Eat: Chunk             |       |       |     1 |     3 ||     4
       Ration            |       |       |       |     3 ||     3
Armor: Skin              |       |     1 |     2 |     7 ||    10
Dodge: Dodged            |     5 |     5 |    12 |    41 ||    63

Table legend:
 A = Non-vault XP
 B = Vault XP
 C = Vault XP percentage of total XP
 D = Non-vault monster count
 E = Vault monster count
 F = Vault count percentage of total count
                 A         B        C        D         E       F
            +---------+---------+-------+---------+---------+-------
      Total |       0 |   14530 | 100.0 |       0 |      65 | 100.0
            +---------+---------+-------+---------+---------+-------
          D |       0 |   14530 | 100.0 |       0 |      65 | 100.0
            +---------+---------+-------+---------+---------+-------
